 Dungeon Sprint DCSS version 0.30.0-20-g3b4254fcbd (webtiles) character file.

Game seed: 7624990562201454423

2765 Groucho the Unseen (level 9, -2/42 HPs)
             Began as a Spriggan Enchanter on June 2, 2023.
             Was a Follower of Uskayaw.
             Shot with an arrow by a deep elf master archer (26 damage)
             ... in the Dungeon (Sprint II: "The Violet Keep of Menkaure").
             The game lasted 00:08:33 (345 turns).

Groucho the Unseen (Spriggan Enchanter)              Turns: 345, Time: 00:08:35

Health: -2/42      AC:  2    Str:  4    XL:     9   Next: 42%
Magic:  26/26      EV: 12    Int: 16    God:    Uskayaw [*.....]
Gold:   359        SH:  0    Dex: 20    Spells: 21/32 levels left

rFire   + . .        f - +2 dagger (venom)
rCold   . . .        (no shield)
rNeg    . . .        b - +0 robe
rPois   .            (helmet restricted)
rElec   .            (no cloak)
rCorr   .            (gloves unavailable)
SInv    +            (boots unavailable)
Will    +....        (no amulet)
Stlth   +++++++      k - ring of protection from fire
HPRegen 0.27/turn    l - ring of flight
MPRegen 0.20/turn

%: no teleportation
@: flying, held, very quick
A: very small, no large weapons, unfitting armour, see invisible, speed 3
a: Renounce Religion, Stomp


You were in the Dungeon.
You worshipped Uskayaw.
Uskayaw was noncommittal.
You visited 1 branch You collected 1221 gold pieces.
You spent 862 gold pieces at shops.

Inventory:

Hand Weapons
 a - a +1 dagger
 f - a +2 dagger of venom (weapon)
 j - a +1 dagger of electrocution
Armour
 b - a +0 robe (worn)
Jewellery
 k - a ring of protection from fire (left hand)
 l - a ring of flight (right hand)
Scrolls
 i - a scroll of blinking
 m - a scroll of enchant weapon {unknown}
Potions
 c - a potion of invisibility
 d - a potion of curing
 e - a potion of heal wounds
 g - 2 potions of magic
 h - a potion of berserk rage


   Skills:
 + Level 2.2 Fighting
 + Level 11.0 Short Blades
 + Level 8.1 Dodging
 - Level 17.7 Stealth
 + Level 12.3 Spellcasting
 + Level 12.4 Hexes
 + Level 2.8 Invocations


You had 21 spell levels left.
You knew the following spells:

 Your Spells              Type           Power      Damage    Failure   Level
a - Ensorcelled Hibernat  Hex/Ice        58%        N/A       1%          2
b - Confusing Touch       Hex            49%        N/A       1%          3
c - Dazzling Flash        Conj/Hex       58%        N/A       1%          3
d - Tukima's Dance        Hex            49%        N/A       1%          3

Your spell library contained the following spells:

 Spells                   Type           Power      Damage    Failure   Level


Dungeon Overview and Level Annotations

Branches:
Dungeon (1/1)

Altars:
Cheibriados
Dithmenos
Elyvilon
Fedhas
Gozag
Hepliaklqana
Kikubaaqudgha
Makhleb
Nemelex Xobeh
Okawaru
Qazlal
Ru
Sif Muna
Trog
Uskayaw
Vehumet
Wu Jian
Xom
Yredelemnul
Zin
The Shining One
Jiyva
Lugonu

Shops:
D :[(*[:!=?*!:=*[

Annotations:
D exclusion: oklob plant


Innate Abilities, Weirdness & Mutations

You are very small and have problems with some larger weapons.
You are too small for most types of armour.
You have supernaturally acute eyesight. (SInv)
You cover ground extremely quickly. (Speed+++)


Message History

You rip the net and break free!
You can no longer pass through a line of other dancers.
You reach down and open the door.
A fire dragon comes into view.
Found 87 gold pieces and a mace.
There is an open door here.
You see here 6 gold pieces.
The helpless fire dragon fails to defend itself.
You perforate the fire dragon like a sieve!!!!!
You kill the fire dragon!
The fire dragon scales are intact enough to wear.
You can now pass through a line of other dancers.
Your Fighting skill gained 2 levels and is now at level 2!
Your Short Blades skill increases to level 11!
Your Dodging skill increases to level 8!
Your Spellcasting skill increases to level 12!
Your Hexes skill increases to level 12!
Your Invocations skill gained 2 levels and is now at level 2!
Unknown command.
Unknown command.
Unknown command.
You now have 353 gold pieces (gained 81).
You now have 359 gold pieces (gained 6).
You can no longer pass through a line of other dancers.
There is an open door here.
Really fly into that net trap?
You become entangled in the net!
A deep elf master archer comes into view.
The deep elf master archer wields a +0 longbow.
The deep elf master archer shoots an arrow.
The arrow completely misses you.
There is a net trap here.
You see here a throwing net.
You struggle against the net.
The deep elf master archer shoots an arrow.
The arrow hits you!!
The deep elf master archer shoots an arrow.
The arrow hits you!!
Ouch! That really hurt!
You die...

≈ ##++## ### §§ ##≈...### #~## ≈§
#e≈.....# #~~#+++#+ ####@^..#
~~~.... #..'.^..# ~~~~.##+##
#[)####^# ~~~~##...## ####..'.###
~~~~#..#).# ..#..#^..#
~~####...####..#####..# $$$
~##.###'###.##..#..'..# #▓!)(:[?
~#.#.##.##...#..#†.#..# #▓?[!["?
~'###'.<.'##†'..####..####▓[!$[??


You could see a deep elf master archer.

Vanquished Creatures
  A fire dragon (D)
  A merfolk siren (D)
  2 polar bears (D)
  5 wyverns (D)
  Menkaure (D)
  A water moccasin (D)
  4 necrophages (D)
  4 scorpions (D)
19 creatures vanquished.

Notes
Turn   | Place    | Note
-------+----------+-------------------------------------------
     0 | D        | Groucho the Spriggan Enchanter began the quest for the Orb.
     0 | D        | Reached XP level 1. HP: 9/9 MP: 5/5
     4 | D        | Noticed a merfolk siren
     7 | D        | Noticed a necrophage
     7 | D        | Noticed a necrophage
     7 | D        | Noticed a necrophage
     7 | D        | Noticed a necrophage
    13 | D        | Killed a necrophage
    14 | D        | Reached skill level 8 in Stealth
    14 | D        | Reached skill level 5 in Hexes
    14 | D        | Reached XP level 2. HP: 13/13 MP: 5/8
    14 | D        | Reached XP level 3. HP: 16/16 MP: 6/10
    19 | D        | Killed a necrophage
    20 | D        | Reached skill level 10 in Stealth
    20 | D        | Reached skill level 5 in Spellcasting
    20 | D        | Reached XP level 4. HP: 21/21 MP: 6/12
    23 | D        | Killed a necrophage
    24 | D        | Reached skill level 5 in Short Blades
    24 | D        | Reached skill level 11 in Stealth
    24 | D        | Reached XP level 5. HP: 24/24 MP: 6/14
    31 | D        | Reached skill level 12 in Stealth
    42 | D        | Reached skill level 13 in Stealth
    42 | D        | Reached XP level 6. HP: 25/28 MP: 7/17
    46 | D        | Reached skill level 14 in Stealth
    53 | D        | Noticed a wyvern
    53 | D        | Noticed a wyvern
    56 | D        | Killed a wyvern
    57 | D        | Reached skill level 15 in Stealth
    57 | D        | Reached XP level 7. HP: 30/32 MP: 8/20
    59 | D        | Killed a wyvern
    60 | D        | Reached skill level 16 in Stealth
    66 | D        | Killed a merfolk siren
    67 | D        | Reached skill level 17 in Stealth
    67 | D        | Reached skill level 10 in Hexes
    67 | D        | Reached XP level 8. HP: 35/36 MP: 9/22
    80 | D        | Found Arucef's Distillery.
    80 | D        | Found Caetitul's Distillery.
    80 | D        | Found Cumef's Jewellery Shoppe.
    80 | D        | Found Zatadur's Armour Shoppe.
    80 | D        | Found Puchit's General Store.
    81 | D        | Found Surhiafo's Assorted Antiques.
    81 | D        | Found Apust's Magic Scroll Shoppe.
    81 | D        | Found Qemmoenu's Jewellery Emporium.
    81 | D        | Found Ruufol's Antique Armour Shoppe.
    81 | D        | Found Reipaaso's Assorted Antiques.
    82 | D        | Found Tuqink's Antique Weapon Shoppe.
    82 | D        | Found Rediv's Book Shoppe.
    82 | D        | Found Gita Jedgh's Book Emporium.
    82 | D        | Found Avvosk's Antique Armour Emporium.
    82 | D        | Noticed Menkaure
    82 | D        | Noticed a slime creature
    82 | D        | Noticed a slime creature
    87 | D        | Killed Menkaure
    88 | D        | Reached skill level 10 in Spellcasting
    93 | D        | Noticed a slime creature
    93 | D        | Noticed an oklob plant
    94 | D        | Found Onucae's Book Shoppe.
   150 | D        | Noticed a cane toad
   150 | D        | Noticed a cane toad
   168 | D        | Bought a glowing dagger for 105 gold pieces
   176 | D        | Bought a glowing dagger for 145 gold pieces
   176 | D        | Bought a glowing dagger for 145 gold pieces
   180 | D        | Bought a ring of protection from fire for 275 gold pieces
   180 | D        | Bought a ring of flight for 192 gold pieces
   206 | D        | Learned a level 2 spell: Ensorcelled Hibernation
   210 | D        | Learned a level 3 spell: Confusing Touch
   214 | D        | Learned a level 3 spell: Dazzling Flash
   218 | D        | Learned a level 3 spell: Tukima's Dance
   244 | D        | Noticed a flying skull
   244 | D        | Noticed a flying skull
   245 | D        | Noticed a flying skull
   245 | D        | Noticed a flying skull
   245 | D        | Noticed a flying skull
   245 | D        | Noticed a flying skull
   245 | D        | Noticed a flying skull
   245 | D        | Noticed a flying skull
   246 | D        | Noticed a flying skull
   246 | D        | Noticed a flying skull
   246 | D        | Noticed a flying skull
   246 | D        | Noticed a flying skull
   250 | D        | Found a glowing golden altar of the Shining One.
   250 | D        | Found a shimmering altar of Xom.
   251 | D        | Found a basalt altar of Yredelemnul.
   251 | D        | Found a shimmering blue altar of Sif Muna.
   257 | D        | Found a glowing silver altar of Zin.
   257 | D        | Found a bloodstained altar of Trog.
   257 | D        | Found an ancient bone altar of Kikubaaqudgha.
   258 | D        | Found a hide-covered altar of Uskayaw.
   258 | D        | Found an ornate altar of the Wu Jian Council.
   258 | D        | Found a corrupted altar of Lugonu.
   258 | D        | Found a sacrificial altar of Ru.
   258 | D        | Found a stormy altar of Qazlal.
   258 | D        | Found a viscous altar of Jiyva.
   258 | D        | Found a shadowy altar of Dithmenos.
   258 | D        | Found a hazy altar of Hepliaklqana.
   258 | D        | Found a snail-covered altar of Cheibriados.
   259 | D        | Found a radiant altar of Vehumet.
   259 | D        | Found a burning altar of Makhleb.
   259 | D        | Found a white marble altar of Elyvilon.
   274 | D        | Found a blossoming altar of Fedhas.
   275 | D        | Found an opulent altar of Gozag.
   277 | D        | Found a sparkling altar of Nemelex Xobeh.
   278 | D        | Found an iron altar of Okawaru.
   291 | D        | Became a worshipper of Uskayaw the Reveller
   303 | D        | Noticed a polar bear
   304 | D        | Noticed a polar bear
   305 | D        | Killed a polar bear
   305 | D        | Reached * piety under Uskayaw
   307 | D        | Killed a polar bear
   307 | D        | Reached ** piety under Uskayaw
   308 | D        | Reached skill level 5 in Dodging
   320 | D        | Reached skill level 10 in Short Blades
   321 | D        | Reached XP level 9. HP: 39/39 MP: 25/25
   322 | D        | Reached *** piety under Uskayaw
   335 | D        | Noticed a fire dragon
   338 | D        | Killed a fire dragon
   344 | D        | Noticed a deep elf master archer
   345 | D        | Shot with an arrow by a deep elf master archer

Illustrated notes

Levels and vault maps discovered:
D:        the_violet_keep_of_menkaure [sprint2_stairs_cluster_1,
          sprint2_shoproom, sprint2_temple, sprint2_basic_supplies,
          sprint2_obstacle_7, sprint2_obstacle_1, sprint2_obstacle_4,
          sprint2_obstacle_3, sprint2_obstacle_2, sprint2_timed_cluster_1,
          sprint2_smallroom_cluster_1, sprint2_smallroom_final_cluster_1,
          sprint2_transparent_cluster_1, sprint2_second_timed_cluster_1,
          sprint2_sniper_area_1, sprint2_heavy_combat_area_1,
          sprint2_mutation_trap_area_1, sprint2_forest_area_1,
          sprint2_light_combat_area_1, sprint2_behind_water_1,
          sprint2_near_end_vault_1]

Skill      XL: |  1  2  3  4  5  6  7  8  9 |
---------------+----------------------------+-----
Short Blades   | 3 4 5 6 7 8 10 11 | 11.0
Stealth        | 8 10 11 13 15 17 | 17.7
Spellcasting   | 4 5 6 7 8 9 11 12 | 12.3
Hexes          | 5 6 7 9 10 11 12 | 12.4
Dodging        | 6 8 |  8.1
Fighting       | 2 |  2.2
Invocations    | 2 |  2.8

Action                     |  1- 3 |  4- 6 |  7- 9 || total
---------------------------+-------+-------+-------++-------
  Melee: Dagger            |     9 |    15 |    16 ||    40
    Use: Potion            |     2 |       |       ||     2
   Stab: Sleeping          |     2 |     5 |     9 ||    16
         Invisible         |     2 |     2 |       ||     4
  Dodge: Dodged            |     2 |     3 |     5 ||    10
